Map: Dusk Towers

Players

TheoRy

  • Race: Protoss Protoss
  • League: Diamond

EJK - Winner!

  • Race: Terran Terran
  • League: Master

VOD

Have the link to the VOD?

Description

Time

  • Played on: Nov. 13, 2015, 7:17 p.m.
  • Length: 23:57
Show
View Real Time Build Order
Export as new Build Order

TheoRy Protoss 

Build Orders: 1 Gate Expand, Oracle Opening 

Get SALT Encoding   

  12  0:01  Probe (Chrono Boost)  
  13  0:12  Probe (Chrono Boost)  
  14  0:23  Pylon  
  14  0:27  Probe (Chrono Boost)  
  15  0:41  Probe (Chrono Boost)  
  16  0:47  Gateway  
  16  0:52  Probe (Chrono Boost)  
  17  1:02  Probe (Chrono Boost)  
  18  1:04  Assimilator  
  18  1:13  Probe (Chrono Boost)  
  19  1:25  Probe (Chrono Boost)  
  20  1:26  Nexus  
  20  1:35  Probe (Chrono Boost)  
  20  1:39  Cybernetics Core  
  21  1:46  Probe (Chrono Boost)  
  22  1:52  Assimilator  
  22  1:56  Probe (Chrono Boost)  
  22  2:00  Pylon  
  23  2:18  Probe (Chrono Boost)  
  24  2:24  Adept  
  24  2:28  Probe (Chrono Boost)  
  27  2:31  Stargate  
  27  2:36  Pylon  
  27  2:39  Probe (Chrono Boost)  
  28  2:52  Probe (Chrono Boost)  
  30  2:58  Probe (Chrono Boost)  
  30  3:04  Probe (Chrono Boost), Adept  
  33  3:06  Warp Gate  
  33  3:09  Probe (Chrono Boost)  
  34  3:15  Probe (Chrono Boost)  
  34  3:16  Pylon  
  36  3:20  Probe (Chrono Boost)  
  36  3:22  Oracle  
  36  3:25  Probe (Chrono Boost)  
  38  3:30  Probe (Chrono Boost)  
  39  3:36  Mothership Core (Chrono Boost), Forge  
  39  3:38  Gateway  
  39  3:41  Probe (Chrono Boost)  
  42  3:48  Adept  
  44  3:51  Probe (Chrono Boost)  
  44  3:52  Assimilator  
  44  3:54  Probe (Chrono Boost)  
  46  3:56  Assimilator  
  46  4:01  Oracle  
  46  4:02  Probe (Chrono Boost)  
  50  4:05  Probe (Chrono Boost)  
  51  4:12  Probe (Chrono Boost)  
  52  4:19  Probe (Chrono Boost)  
  52  4:23  Probe (Chrono Boost)  
  54  4:24  Protoss Ground Armor Level 1  
  54  4:25  Adept  
  57  4:31  Probe (Chrono Boost)  
  57  4:32  Adept  
  57  4:37  Probe (Chrono Boost), Gateway  
  60  4:39  Gateway  
  60  4:40  Pylon  
  60  4:51  Pylon  
  60  4:58  Photon Cannon  
  60  5:02  Probe (Chrono Boost), Photon Cannon  
  61  5:08  Probe (Chrono Boost)  
  61  5:09  Nexus, Pylon  
  62  5:22  Twilight Council, Robotics Facility  
  62  5:25  Probe (Chrono Boost)  
  63  5:30  Sentry x2  
  67  5:36  Probe (Chrono Boost), Pylon  
  67  5:39  Adept x2  
  72  5:43  Probe (Chrono Boost)  
  72  5:47  Probe (Chrono Boost)  
  74  5:50  Void Ray  
  74  5:56  Stalker x2  
  81  5:58  Probe (Chrono Boost)  
  81  6:02  Pylon  
  82  6:05  Probe (Chrono Boost)  
  83  6:11  Observer  
  83  6:15  Probe (Chrono Boost)  
  83  6:17  Resonating Glaives (Chrono Boost)  
  85  6:18  Probe (Chrono Boost)  
  85  6:20  Assimilator  
  85  6:21  Probe (Chrono Boost)  
  85  6:25  Assimilator  
  87  6:26  Photon Cannon  
  87  6:29  Protoss Ground Armor Level 2  
  88  6:32  Probe  
  88  6:33  Adept x2  
  92  6:42  Void Ray  
  92  6:45  Probe  
  92  6:46  Probe  
  97  6:51  Templar Archives  
  98  6:59  Probe  
  99  7:07  Probe x2, Pylon  
  99  7:09  Gateway x2  
  99  7:11  Probe  
  99  7:12  Gateway  
  102  7:24  Probe  
  102  7:28  Pylon  
  103  7:32  Psionic Storm  
  103  7:36  Nexus  
  103  7:39  Pylon  
  103  7:45  Pylon  
  103  7:48  Assimilator  
  103  7:50  Probe  
  98  7:54  Sentry, High Templar x3, Assimilator  
  106  7:58  Gateway  
  106  8:00  Probe, Gateway  
  106  8:05  Probe  
  104  8:11  Pylon  
  104  8:17  Probe  
  104  8:18  High Templar  
  107  8:21  Immortal  
  110  8:32  Void Ray, Photon Cannon  
  110  8:33  Photon Cannon  
  110  8:35  Probe  
  110  8:36  Probe  
  112  8:43  Stalker x2  
  112  8:47  High Templar x2  
  112  8:48  High Templar x2  
  121  8:51  Archon  
  121  8:52  Archon  
  120  8:58  High Templar  
  120  9:01  Gateway  
  120  9:02  Protoss Ground Weapons Level 1  
  122  9:07  Dark Shrine  
  122  9:17  Zealot x2  
  122  9:21  Probe x3  
  122  9:23  Probe  
  130  9:25  Gateway  
  130  9:31  Probe  
  130  9:32  Probe  
  114  9:55  Immortal (Chrono Boost)  
  114  9:58  Stargate  
  114  9:59  Stargate  
  116  10:04  Fleet Beacon, Robotics Facility  
  116  10:12  Protoss Air Weapons Level 1  
  116  10:16  Stargate  
  116  10:29  Void Ray  
  116  10:42  Immortal (Chrono Boost)  
  116  10:46  Carrier (Chrono Boost)  
  116  10:47  Tempest (Chrono Boost)  
  126  10:53  Protoss Ground Armor Level 3  
  126  10:54  Immortal (Chrono Boost)  
  130  11:08  Robotics Facility  
  130  11:09  Dark Templar  
  132  11:11  Dark Templar  
  132  11:15  Warp Prism  
  136  11:19  Carrier (Chrono Boost)  
  138  11:42  Nexus  
  138  11:44  Nexus  
  138  11:45  Pylon  
  138  11:56  Observer, Warp Prism  
  141  12:02  Pylon  
  141  12:04  Assimilator  
  141  12:07  Probe, Assimilator  
  141  12:08  Probe  
  141  12:09  Assimilator  
  141  12:11  Assimilator  
  141  12:18  Probe, Photon Cannon  
  141  12:22  Tempest (Chrono Boost)  
  146  12:35  Stalker  
  146  12:36  Stalker x2  
  152  12:46  Carrier (Chrono Boost)  
  152  12:50  Probe x3  
  152  12:51  Probe  
  162  12:55  Probe  
  162  12:56  Probe  
  164  13:02  Probe x2  
  164  13:05  Probe x2  
  168  13:06  Probe  
  169  13:13  Dark Templar  
  169  13:22  Probe, Tempest (Chrono Boost)  
  169  13:23  Probe x2  
  169  13:35  Probe x2  
  169  13:36  Probe  
  169  13:37  Probe  
  169  13:38  Probe  
  173  13:42  Protoss Shields Level 1  
  173  13:43  Carrier (Chrono Boost)  
  177  13:56  Mothership Core  
  177  14:01  Tempest (Chrono Boost)  
  182  14:09  Zealot x3  
  186  14:10  Zealot  
  188  14:17  Pylon  
  188  14:18  Probe x2  
  188  14:20  Probe  
  188  14:21  Pylon  
  191  14:29  High Templar  
  191  14:30  High Templar  
  199  14:31  Tempest (Chrono Boost)  
  193  14:56  Tempest (Chrono Boost)  
  193  14:58  Protoss Air Weapons Level 2 (Chrono Boost)  
  197  15:03  Cybernetics Core  
  197  15:09  Void Ray  
  197  15:11  Immortal  
  197  15:13  Observer  
  192  15:16  Tempest  
  192  15:18  Tempest  
  192  15:27  Nexus  
  192  15:28  High Templar x2  
  194  15:55  Tempest  
  198  16:01  High Templar  
  198  16:03  Tempest, Pylon  
  184  16:07  Assimilator  
  184  16:10  Nexus, Assimilator  
  184  16:17  Mothership Core  
  182  16:34  Archon  
  182  16:35  Tempest (Chrono Boost)  
  168  16:40  Void Ray (Chrono Boost)  
  168  16:44  Carrier (Chrono Boost)  
  160  16:47  High Templar  
  160  16:48  High Templar x6  
  160  16:50  High Templar x3  
  160  16:52  High Templar  
  169  17:11  Archon x2, Carrier x2 (Chrono Boost)  
  169  17:12  Archon x3  
  156  17:21  Tempest (Chrono Boost)  
  156  17:22  Probe  
  137  17:26  Probe  
  137  17:27  Probe x2  
  137  17:28  Probe x3  
  143  17:40  Protoss Shields Level 2, High Templar x3  
  143  17:41  High Templar  
  151  17:46  Photon Cannon  
  151  17:51  Protoss Air Weapons Level 3 (Chrono Boost)  
  151  18:01  Void Ray  
  151  18:02  Void Ray  
  151  18:03  Dark Templar  
  157  18:10  Protoss Air Armor Level 1 (Chrono Boost)  
  157  18:11  Observer  
  162  18:24  Void Ray  
  162  18:28  Stargate  
  162  18:29  Oracle  
  162  18:31  Stargate  
  169  18:43  Stargate  
  169  18:44  Stargate  
  169  18:45  Photon Cannon  
  169  18:46  Stargate  
  169  18:47  Immortal x2  
  177  18:50  Tempest  
  179  19:08  Warp Prism  
  181  19:16  Photon Cannon  
  181  19:19  Photon Cannon  
  181  19:22  Dark Templar  
  181  19:23  Dark Templar x2  
  184  19:26  Immortal x2, Probe  
  181  19:42  Tempest  
  181  19:43  Warp Prism  
  183  19:50  Tempest  
  191  20:01  High Templar x3  
  191  20:04  Archon  
  197  20:13  Mothership Core  
  195  20:27  High Templar x3  
  165  20:45  Void Ray  
  165  20:46  Archon  
  101  20:57  Tempest  
  101  20:58  Tempest  
  89  21:05  Tempest  
  85  21:22  Tempest  
  89  21:32  Tempest  
  93  21:43  Tempest  
  97  21:48  Zealot  
  97  21:49  Zealot x4  
  97  21:50  Zealot x4  
  97  21:51  Zealot x2  
  97  21:53  Void Ray  
  121  22:03  Nexus  
  119  22:28  Nexus  
  119  22:35  Assimilator  
  119  22:36  Assimilator  
  119  22:40  Pylon  
  119  22:43  Tempest  
  103  23:06  Tempest  
  103  23:12  Probe  
  112  23:39  Dark Templar  
Show
View Real Time Build Order
Export as new Build Order

EJK Terran - Winner!

Build Orders: Mech 

Get SALT Encoding   

  12  0:00  SCV  
  13  0:13  SCV  
  14  0:23  Supply Depot  
  14  0:25  SCV  
  15  0:30  Refinery  
  15  0:44  SCV  
  16  0:51  Barracks  
  16  0:57  SCV  
  17  1:09  SCV  
  18  1:21  SCV  
  19  1:38  Orbital Command  
  20  1:41  Marine  
  20  1:47  Factory  
  20  1:55  Command Center  
  20  2:03  Barracks Reactor  
  20  2:04  SCV  
  21  2:11  Supply Depot  
  21  2:16  SCV  
  22  2:28  SCV  
  23  2:32  Widow Mine  
  25  2:37  Bunker  
  25  2:41  SCV  
  25  2:43  Marine x2  
  28  2:53  SCV  
  29  3:01  Command Center  
  29  3:09  Orbital Command  
  29  3:12  Factory Tech Lab  
  29  3:13  SCV  
  29  3:15  Marine  
  29  3:18  Marine  
  32  3:25  Starport  
  32  3:27  SCV  
  32  3:31  Refinery  
  33  3:37  Marine x2  
  35  3:42  SCV  
  35  3:43  SCV  
  37  3:51  Cyclone  
  37  3:54  SCV  
  37  3:55  SCV  
  42  4:00  Marine x2  
  44  4:06  Refinery  
  44  4:08  Refinery  
  44  4:11  SCV x2  
  44  4:14  Orbital Command  
  44  4:16  Liberator  
  46  4:18  Marine x2  
  46  4:23  SCV x2  
  50  4:34  Engineering Bay  
  50  4:35  SCV x2  
  55  4:40  Marine x2  
  55  4:45  Supply Depot  
  57  4:47  Siege Tank  
  60  4:53  Factory  
  60  4:57  Supply Depot  
  60  5:06  SCV x3  
  63  5:10  Missile Turret x2  
  63  5:18  SCV x3  
  66  5:30  SCV x3, Siege Tank  
  72  5:38  Factory Tech Lab, Supply Depot  
  72  5:41  Armory  
  72  5:42  SCV  
  73  5:43  SCV x2  
  73  5:48  Factory  
  75  5:50  Orbital Command  
  75  5:54  SCV  
  75  5:55  SCV  
  77  6:00  Siege Tank  
  77  6:02  Siege Tank  
  83  6:10  SCV x2  
  85  6:15  Supply Depot x2  
  85  6:20  Liberator  
  85  6:26  Refinery  
  85  6:32  Terran Vehicle Weapons Level 1  
  85  6:37  SCV x3, Siege Tank x2  
  85  6:39  Supply Depot  
  97  6:45  Hellion x2  
  101  6:49  Refinery  
  101  6:50  Supply Depot  
  101  6:51  Supply Depot  
  101  6:56  Missile Turret  
  101  7:01  SCV x3  
  104  7:05  Supply Depot  
  104  7:13  SCV x3  
  107  7:18  Command Center  
  107  7:21  Starport  
  107  7:22  Fusion Core  
  107  7:24  Starport  
  107  7:28  Cyclone  
  107  7:29  Cyclone, Hellion  
  115  7:31  Mag-Field Accelerator  
  115  7:33  SCV x3  
  119  7:44  Hellion  
  119  7:48  Starport Reactor  
  119  8:03  Starport Tech Lab x2  
  126  8:05  Hellion x2  
  126  8:11  Command Center  
  126  8:12  Behemoth Reactor  
  126  8:13  Command Center  
  132  8:27  Battlecruiser x2  
  132  8:29  Sensor Tower  
  132  8:30  Hellion  
  132  8:31  Hellion  
  136  8:35  Liberator x2  
  136  8:45  SCV x3  
  139  8:49  Sensor Tower  
  142  8:57  Refinery  
  142  8:59  Refinery  
  142  9:00  SCV x3  
  145  9:11  Terran Vehicle Weapons Level 2  
  145  9:12  Missile Turret  
  145  9:15  Armory  
  145  9:27  Planetary Fortress  
  145  9:33  Orbital Command  
  145  9:43  Liberator  
  140  10:00  Battlecruiser x2  
  140  10:04  Command Center  
  140  10:05  Cyclone  
  140  10:06  Command Center, Hellion x3  
  164  10:10  Terran Vehicle And Ship Armor Level 1  
  164  10:12  Supply Depot  
  164  10:13  Supply Depot x2  
  164  10:15  Weapon Refit  
  164  10:28  Hellion  
  158  10:54  Starport x2  
  158  10:55  Starport  
  158  10:57  Command Center  
  158  11:02  Command Center, Building Armor  
  156  11:05  Orbital Command  
  156  11:06  Battlecruiser  
  156  11:07  Battlecruiser  
  168  11:31  Starport Tech Lab x2  
  168  11:32  Starport Tech Lab  
  168  11:34  Corvid Reactor  
  166  11:41  Infernal Pre-Igniter  
  166  11:43  Terran Ship Weapons Level 1  
  164  11:49  Orbital Command  
  164  11:56  Refinery  
  164  11:58  Refinery  
  164  12:02  Sensor Tower  
  164  12:10  Missile Turret x2  
  164  12:12  Raven x2  
  164  12:13  Raven, Missile Turret  
  172  12:15  Terran Vehicle And Ship Armor Level 2  
  170  12:24  Missile Turret  
  170  12:26  Raven  
  170  12:28  Orbital Command  
  172  12:32  Command Center  
  172  12:38  Viking  
  172  12:39  Viking, Raven  
  172  12:41  Hellion x3  
  172  12:42  Planetary Fortress, Hellion, Hi-Sec Auto Tracking  
  186  12:52  Missile Turret  
  186  12:53  Missile Turret  
  186  13:08  Cyclone x2  
  192  13:17  Battlecruiser  
  195  13:49  Terran Ship Weapons Level 2  
  189  14:07  Battlecruiser  
  195  14:14  Starport  
  191  14:18  Command Center, Starport  
  191  14:22  Refinery  
  189  14:34  Battlecruiser  
  191  14:59  Cyclone x2  
  197  15:00  Terran Vehicle And Ship Armor Level 3  
  184  15:31  Cyclone x2  
  189  15:48  Battlecruiser  
  195  15:51  Raven x2  
  195  16:12  Planetary Fortress  
  173  16:43  Cyclone x2  
  172  16:47  Battlecruiser x3  
  172  16:52  Battlecruiser  
  191  17:14  Viking x3  
  191  17:15  Cyclone  
  194  17:25  Factory x2  
  188  17:32  Refinery  
  188  17:35  Cyclone  
  188  17:36  Starport Tech Lab  
  191  17:37  Starport Tech Lab  
  191  17:44  Viking, Raven  
  193  17:47  Planetary Fortress, Cyclone  
  193  17:48  Missile Turret  
  193  17:51  Raven, Missile Turret  
  198  17:54  Refinery  
  200  18:03  Command Center, Terran Ship Weapons Level 3  
  200  18:14  Factory Tech Lab x2  
  200  18:40  Missile Turret  
  195  18:43  Sensor Tower  
  195  18:46  Command Center  
  195  18:47  Command Center  
  195  18:50  Raven x2  
  195  18:53  Raven  
  195  18:54  Raven  
  193  19:04  Cyclone  
  193  19:05  Cyclone, Terran Vehicle Weapons Level 3  
  197  19:15  Hellion x4  
  199  19:18  SCV  
  194  19:30  SCV  
  189  19:42  SCV  
  189  19:45  Battlecruiser x2  
  196  19:46  Hellion x2  
  199  19:54  SCV  
  193  20:03  Refinery  
  193  20:04  Missile Turret  
  193  20:05  Refinery  
  193  20:06  SCV  
  194  20:18  SCV  
  162  20:30  SCV  
  162  20:31  Liberator  
  163  20:42  SCV  
  159  20:48  Battlecruiser  
  160  20:57  Battlecruiser x2  
  160  21:02  Cyclone x2  
  170  21:06  Hellion x3  
  170  21:08  Hellion  
  178  21:12  SCV  
  179  21:24  SCV  
  174  21:43  Missile Turret  
  174  21:45  Refinery  
  174  21:46  Sensor Tower  
  162  22:09  Planetary Fortress  
  162  22:21  Planetary Fortress  
  162  22:25  Hellion x4  
  162  22:26  Hellion  
  172  22:37  SCV  
  173  22:49  SCV  
  174  22:58  Command Center  
  174  23:01  SCV  
  174  23:03  SCV  
  175  23:09  Refinery  
  175  23:11  Refinery  
  175  23:13  SCV  
  175  23:16  SCV, Orbital Command  
  177  23:25  SCV  
  178  23:27  Missile Turret  
  178  23:28  SCV  
  179  23:38  SCV  
Tags
 
Add a new tag
Caveats
  • Supply blocks, unpowered buildings, or Contaminate may cause inaccurate times.
  • Supply counts are checked every 10 seconds.